 Seeded DCSS version 0.30-a0-358-g0d69a1922f (webtiles) character file.

Game seed: 15384991614523242048 (custom seed)

247 valliere the Grasshopper (level 5, -6/42 HPs)
             Began as a Demigod Warper on Nov 10, 2022.
             Splashed by a jelly's acid (8 damage)
             ... on level 4 of the Dungeon.
             The game lasted 00:13:38 (3717 turns).

valliere the Grasshopper (Demigod Warper)           Turns: 3717, Time: 00:13:38

Health: -6/42      AC:  2    Str: 12    XL:     5   Next: 54%
Magic:  0/12       EV: 12    Int: 19    God:
Gold:   224        SH:  0    Dex: 13    Spells: 6/9 levels left

rFire   . . .      SeeInvis .    a - +0 spear
rCold   . . .      Faith    .    (no shield)
rNeg    . . .      Spirit   +    b - +0 leather armour
rPois   .          Reflect  .    o - +1 helmet
rElec   .          Harm     .    (no cloak)
rCorr   .          Rampage  .    c - +0 pair of gloves
Will    .....                    (no boots)
Stlth   ++........               q - amulet of guardian spirit
HPRegen 0.27/turn                (no ring)
MPRegen 0.13/turn                (no ring)

@: corroded
A: high MP 1, forlorn, divine attributes
a: no special abilities


You were on level 4 of the Dungeon.
You visited 1 branch of the dungeon, and saw 4 of its levels.

You collected 224 gold pieces.

Inventory:

Hand Weapons
 a - a +0 spear (weapon)
 g - a +1 sling
 z - a +0 halberd
Missiles
 d - 6 boomerangs of dispersal (quivered)
 l - 3 curare-tipped darts
 r - 4 silver boomerangs
 s - 9 poisoned darts
 x - 4 boomerangs
Armour
 b - a +0 leather armour (worn)
 c - a +0 pair of gloves (worn)
 f - a +0 ring mail
 o - a +1 helmet (worn)
Magical Staves
 m - a staff of cold
Jewellery
 q - an amulet of guardian spirit (around neck)
Wands
 B - a wand of paralysis (9)
 C - a wand of mindburst (9)
Scrolls
 h - 2 scrolls of identify {unknown}
 j - 2 scrolls of enchant weapon
 k - a scroll of vulnerability {unknown}
 t - a scroll of fog {unknown}
 u - 2 scrolls of silence {unknown}
 w - a scroll of amnesia {unknown}
 y - 2 scrolls of brand weapon {unknown}
Potions
 e - a potion of brilliance {unknown}
 i - 2 potions of curing {unknown}
 n - 2 potions of flight {unknown}
 p - 2 potions of might {unknown}
 v - a potion of invisibility {unknown}
 A - 3 potions of heal wounds {unknown}
 D - 2 potions of degeneration {unknown}


   Skills:
 + Level 2.4 Fighting
 - Level 2.1 Polearms
 - Level 0.8 Throwing
 + Level 1.9 Armour
 + Level 2.4 Dodging
 + Level 1.6 Stealth
 * Level 2.9 Spellcasting
 + Level 1.2 Conjurations
 + Level 3.1 Translocations
 + Level 1.1 Air Magic


You had 6 spell levels left.
You knew the following spells:

 Your Spells              Type           Power      Damage    Failure   Level
a - Blink                 Tloc           28%        N/A       9%          2
b - Magic Dart            Conj           28%        1d4       12%         1

Your spell library contained the following spells:

 Spells                   Type           Power      Damage    Failure   Level
 Lesser Beckoning         Tloc           28%        N/A       16%         3
 Teleport Other           Tloc           14%        N/A       16%         3
 Searing Ray              Conj           14%        2d5       19%         2
 Static Discharge         Conj/Air       14%        2-3/arc   19%         2
 Vhi's Electric Charge    Tloc/Air       22%        N/A       24%         3
 Ensorcelled Hibernation  Hex/Ice        4%         N/A       30%         2
 Passwall                 Tmut/Erth      1%         N/A       30%         2
 Sublimation of Blood     Necr           2%         N/A       30%         2
 Wereblood                Tmut           2%         N/A       30%         2
 Portal Projectile        Hex/Tloc       16%        N/A       30%         3
 Swiftness                Air            7%         N/A       36%         3
 Dazzling Flash           Conj/Hex       10%        N/A       41%         3
 Manifold Assault         Tloc           14%        N/A       47%         4
 Tukima's Dance           Hex            2%         N/A       52%         3
 Iskenderun's Mystic Bla  Conj/Tloc      11%        2d4       61%         4
 Fulminant Prism          Conj/Hex       2%         3d5       83%         4
 Arcjolt                  Conj/Air       3%         1d13      97%         5
 Lightning Bolt           Conj/Air       3%         1d15      97%         5
 Blade Hands              Tmut           1%         N/A       99%         5
 Starburst                Conj/Fire      2%         6d3       100%        6
 Summon Hydra             Summ           1%         N/A       100%        7
 Maxwell's Capacitive Co  Air            3%         ∞         100%        8


Dungeon Overview and Level Annotations

Branches:
Dungeon (4/15)
 Temple: D:4-7

Annotations:
D:4 Eustachio


Innate Abilities, Weirdness & Mutations

You have an increased reservoir of magic. (+10% MP)
You shall have no god before yourself.
Your divine heritage dramatically boosts your attributes as you level up.


Message History

You hit the jelly but do no damage.
Your hands burn!
The jelly hits you but does no damage.
You barely miss the jelly. The jelly barely misses you.
You hit the jelly but do no damage.
Your hands burn!
The jelly barely misses you.
You hit the jelly but do no damage.
Your hands burn!
The jelly misses you.
You hit the jelly.
Your hands burn!
The jelly is lightly wounded.
The jelly barely misses you.
You hit the jelly.
Your hands burn!
The jelly is moderately wounded.
The jelly hits you but does no damage.
You hit the jelly but do no damage.
Your hands burn!
The jelly is moderately wounded.
The jelly closely misses you.
You hit the jelly.
Your hands burn!
The jelly is moderately wounded.
The jelly hits you but does no damage.
You hit the jelly.
Your hands burn!
The jelly is severely wounded.
The jelly hits you.
You are splashed with acid!
You are too injured to fight recklessly!
Unknown command.
You hit the jelly.
Your hands burn!
* * * LOW HITPOINT WARNING * * *
The jelly is severely wounded.
The jelly hits you.
* * * LOW HITPOINT WARNING * * *
You are splashed with acid!
* * * LOW HITPOINT WARNING * * *
Throw: 7 boomerangs (disperse)
Press: ? - help, Shift-Dir - straight line, f/p - jelly
Aim: a jelly (severely wounded, 89% to hit)
You throw a boomerang of dispersal.
The boomerang of dispersal hits the jelly but does no damage.
The jelly is severely wounded.
The jelly hits you.
* * * LOW HITPOINT WARNING * * *
You are splashed with acid!
You die...

#####.#####.......#.### #####
#.......#.......#.# #....
####.#...#.#.........# #....
##.#......<.#.......### #....
#...................#######....
#..#..#...###............##....
#.......#.......##.......##....
#.....#>....###.##.......##....
#.....#......J@................
#...............###########....
##..########...### ###..
#...............## #..
#.....#######.#..# ######..
#####.# ###.##.### #....... #.#
#<#......# #....... #.#
#........# #.......
#.#####........# ########


You could see a jelly.

Vanquished Creatures
  2 orc priests (D:4)
  2 orc wizards (D:4)
  A gnoll (D:1)
  5 adders
  A worm (D:3)
  A dart slug (D:1)
  7 orcs (D:4)
  5 bats
  9 endoplasms
  3 giant cockroaches
  4 goblins
  5 hobgoblins
  4 jackals (D:1)
  3 quokkas
  9 ball pythons
  A frilled lizard (D:1)
  4 kobolds (D:3)
  7 rats
73 creatures vanquished.

Notes
Turn   | Place    | Note
-------+----------+-------------------------------------------
     0 | D:1      | valliere the Demigod Warper began the quest for the Orb.
     0 | D:1      | Reached XP level 1. HP: 17/17 MP: 5/5
   255 | D:1      | Reached skill level 1 in Armour
   434 | D:1      | Reached XP level 2. HP: 24/24 MP: 7/7
   817 | D:1      | Reached XP level 3. HP: 18/29 MP: 9/9
   820 | D:1      | Learned a level 2 spell: Blink
  2192 | D:3      | Learned a level 1 spell: Magic Dart
  2383 | D:3      | Reached skill level 1 in Stealth
  2383 | D:3      | Reached XP level 4. HP: 15/36 MP: 1/10
  2926 | D:4      | Reached skill level 3 in Translocations
  2940 | D:4      | Reached XP level 5. HP: 14/42 MP: 4/11
  3077 | D:4      | Reached skill level 1 in Conjurations
  3077 | D:4      | Reached skill level 1 in Air Magic
  3236 | D:4      | HP: 1/42 [acid (7)]
  3514 | D:4      | Noticed Eustachio
  3716 | D:4      | HP: 2/42 [acid (5)]
  3717 | D:4      | Splashed by a jelly's acid

Illustrated notes

Levels and vault maps discovered:
D:1:      scummos_arrival_checkerplants, layout_loops_corners
D:2:      layout_loops_ring, minmay_ruptured
D:3:      layout_basic
D:4:      layout_basic, uniq_eustachio

Skill      XL: |  1  2  3  4  5 |
---------------+----------------+-----
Armour         | 1 |  1.9
Spellcasting   | 2 |  2.9
Dodging        | 2 |  2.4
Fighting       | 2 |  2.4
Polearms       | 2 |  2.1
Stealth        | 1 |  1.6
Translocations | 3 |  3.1
Conjurations   | 1 |  1.2
Air Magic      | 1 |  1.1
Throwing       | |  0.8

Action                   |  1- 3 |  4- 6 || total
-------------------------+-------+-------++-------
Melee: Spear             |   125 |    80 ||   205
       Punch             |     1 |     1 ||     2
 Fire: Sling             |   124 |    83 ||   207
Throw: Dart              |       |     4 ||     4
       Boomerang         |       |     1 ||     1
 Cast: Magic Dart        |     1 |       ||     1
       Blink             |     1 |       ||     1
  Use: Scroll            |       |     2 ||     2
Armor: Ring mail         |    89 |    42 ||   131
       Leather armour    |     2 |     7 ||     9
Dodge: Dodged            |   107 |    72 ||   179

Table legend: (Time is in decaauts)
 A = Elapsed time spent in this place.
 B = Non-inter-level travel time spent in this place.
 C = Inter-level travel time spent in this place.
 D = Time resting spent in this place.
 E = Time spent auto-exploring this place.
 F = Levels seen in this place.
 G = Mean time per level.
                   A        B        C        D        E       F      G
               +--------+--------+--------+--------+--------+-----+--------+
         Total |   3819 |   3550 |    269 |    138 |   2470 |   4 |  954.8 |
       Dungeon |   3819 |   3550 |    269 |    138 |   2470 |   4 |  954.8 |
               +--------+--------+--------+--------+--------+-----+--------+

Top non-repeatable levels by time:
     D:1: 1124 daAuts
     D:2: 1028 daAuts
     D:3: 965 daAuts
     D:4: 700 daAuts
